 Dungeon Crawl Stone Soup version 0.16.1-16-gc44b35d (webtiles) character file.

204 jacksonaction the Covert (level 5, 25/25 HPs)
             Began as a Spriggan Assassin on Apr 15, 2015.
             Was an Initiate of Ashenzari.
             Quit the game on level 3 of the Dungeon.
             The game lasted 00:16:59 (2780 turns).

jacksonaction the Covert (Spriggan Assassin)        Turns: 2780, Time: 00:16:59

Health: 25/25      AC:  5    Str:  7    XL:     5   Next: 52%
Magic:  10/10      EV: 18    Int: 12    God:    Ashenzari [......]
Gold:   187        SH:  0    Dex: 19    Spells: 0 memorised, 4 levels left

rFire  . . .     SeeInvis +     a - +2 dagger
rCold  . . .     Clarity  .     c - +0 robe
rNeg   . . .     SustAb   .     (shield restricted)
rPois  .         Gourm    .     (helmet restricted)
rElec  .         Spirit   .     o - +2 cloak
rCorr  .         Warding  .     (gloves unavailable)
rMut   +         Stasis   .     (boots unavailable)
MR     .....                    s - amulet of resist mutation
Stlth  +++++.....               (no ring)
                                (no ring)

@: very quick, not resistant to hostile enchantments, quite stealthy
A: unfitting armour, see invisible, herbivore 3, speed 3, slow metabolism 2
a: Renounce Religion


You were on level 3 of the Dungeon.
You worshipped Ashenzari.
Ashenzari was noncommittal.
You were not hungry.

You visited 1 branch of the dungeon, and saw 3 of its levels.

You collected 187 gold pieces.

Inventory:

Hand weapons
 a - a +2 dagger (weapon)
 b - a +0 blowgun
Missiles
 e - 46 poisoned needles
 f - 2 curare-tipped needles
 i - 5 needles of paralysis
Armour
 c - a +0 robe (worn)
 o - a +2 cloak (worn)
Jewellery
 s - an amulet of resist mutation (around neck)
Scrolls
 m - a scroll of magic mapping {unknown}
 n - a scroll of enchant armour {unknown}
 p - 2 scrolls of identify {unknown}
 q - 2 scrolls of noise {unknown}
 t - a scroll of remove curse
 y - a scroll of recharging {unknown}
Potions
 j - 2 potions of curing {unknown}
 k - a potion of lignification {unknown}
 l - a potion of invisibility
 u - a potion of berserk rage {unknown}
 v - a potion of magic {unknown}
 w - a potion of poison {unknown}
 x - a potion of agility {unknown}
Comestibles
 g - 2 bread rations
 h - a slice of pizza
 r - 5 fruits


   Skills:
 - Level 1.5 Fighting
 + Level 3.4 Short Blades
 - Level 2.1 Throwing
 + Level 2.8 Dodging
 + Level 9.3 Stealth


You had 4 spell levels left.
You didn't know any spells.

Dungeon Overview and Level Annotations

Branches:
Dungeon (3/15)

Altars:
Ashenzari
Qazlal
Ru


Innate Abilities, Weirdness & Mutations

You are tiny and cannot use many weapons and most armour.
You have supernaturally acute eyesight.
You are a herbivore.
You cover ground extremely quickly.
You need consume almost no food.


Message History

You open the door.
There is an open door here.
Found a shattered altar of Ashenzari.
There is a shattered altar of Ashenzari here.
You kneel at the altar of Ashenzari.
Ashenzari welcomes you!
o - an uncursed cloak
s - an uncursed amulet of resist mutation Put on which piece of jewellery? (? for menu, Esc to quit)
s - an amulet of resist mutation (around neck) Wear which item? (? for menu, Esc to quit)
You start removing your armour.
You continue taking off your +0 cloak.
You continue taking off your +0 cloak. x3
You finish taking off your +0 cloak.
You start putting on your armour.
You continue putting on your uncursed cloak. x5
You finish putting on your +2 cloak.
Drop what? 25/52 slots (_ for help) (? for menu, Esc to quit)
You drop a +0 cloak.
Are you sure you want to abandon this character and quit the game? (Confirm with "yes".)

#####.##.#.#.##.###..##.#........
#...#..).....##.......>..........
....#.##.#.########..####.##.....
....#.##.#.########..####.##.....
................................#
###################..........#..#
..................#..####.##.....
...#...#...#...#..#.## #.##>....
......(.........@_#'#####.##.....
...#...#...#...#..#.....#.##.....
..................#.....#.####..#
###################.............#
.#.##.###..###.#................#
...............#........#.###...+
.#.##.###...##.#........### #...#
.#.##.###...##....###.)######...#
............................#...#


There were no monsters in sight!

Vanquished Creatures
  Sigmund (D:2)
  4 adders
  2 giant mites
  3 giant geckos
  An ooze (D:3)
  An orc (D:3)
  11 bats
  4 giant cockroaches
  6 goblins
  8 hobgoblins
  A quokka (D:2)
  4 ball pythons
  4 giant newts
  7 jackals
  9 kobolds
  17 rats
83 creatures vanquished.

Notes
Turn   | Place    | Note
--------------------------------------------------------------
     0 | D:1      | jacksonaction, the Spriggan Assassin, began the quest for the Orb.
     0 | D:1      | Reached XP level 1. HP: 10/10 MP: 2/2
    19 | D:1      | Reached skill level 6 in Stealth
   150 | D:1      | Reached XP level 2. HP: 12/14 MP: 4/4
   433 | D:1      | Reached skill level 7 in Stealth
   503 | D:1      | Reached XP level 3. HP: 14/18 MP: 6/6
  1369 | D:2      | Reached XP level 4. HP: 22/22 MP: 8/8
  1507 | D:2      | Noticed Sigmund
  1521 | D:2      | Killed Sigmund
  1521 | D:2      | Reached skill level 8 in Stealth
  1521 | D:2      | Reached XP level 5. HP: 25/25 MP: 10/10
  2111 | D:3      | Reached skill level 9 in Stealth
  2191 | D:3      | Found a sacrificial altar of Ru.
  2191 | D:3      | Found a stormy altar of Qazlal.
  2758 | D:3      | Found a shattered altar of Ashenzari.
  2766 | D:3      | Became a worshipper of Ashenzari the Shackled
  2780 | D:3      | Quit the game

Action                   |  1- 3 |  4- 6 || total
-------------------------+-------+-------++-------
Melee: Dagger            |    56 |    42 ||    98
 Fire: Blowgun           |    70 |    30 ||   100
 Stab: Sleeping          |    13 |     7 ||    20
       Distracted        |     3 |     1 ||     4
